 Dungeon Crawl Stone Soup version 0.26-a0-812-g31a745ddcd (webtiles) character file.

Game seed: 5345156039528308528

1054 tilp the Covert (level 8, -5/67 HPs)
             Began as a Gnoll Delver on Nov 15, 2020.
             Was a Believer of Kikubaaqudgha.
             Slain by an orc warrior
             ... wielding a +0 scimitar
              (19 damage)
             ... on level 6 of the Dungeon.
             The game lasted 00:13:23 (8138 turns).

tilp the Covert (Gnoll Delver)                      Turns: 8138, Time: 00:13:23

Health: -5/67      AC:  6    Str: 14    XL:     8   Next: 26%
Magic:  12/12      EV: 12    Int: 14    God:    Kikubaaqudgha [**....]
Gold:   465        SH:  0    Dex: 18    Spells: 6/13 levels left

rFire    . . .     SeeInvis .   t - +1 whip (elec)
rCold    . . .     Faith    .   (no shield)
rNeg     . . .     Spirit   .   f - +0 scale mail
rPois    .         Reflect  .   (no helmet)
rElec    .         Harm     .   (no cloak)
rCorr    .         Rampage  .   (no gloves)
MR       .....                  (no boots)
Stlth    +++.......             (no amulet)
HPRegen  0.21/turn              (no ring)
MPRegen  0.13/turn              (no ring)

@: no status effects
A: distributed training, fangs 1, strong nose
a: Receive Corpses, Renounce Religion


You were on level 6 of the Dungeon.
You worshipped Kikubaaqudgha.
Kikubaaqudgha was pleased with you.
You visited 1 branch of the dungeon, and saw 6 of its levels.

You collected 465 gold pieces.

Inventory:

Hand Weapons
 i - a cursed -3 long sword
 m - a +0 flail
 q - a +0 great sword
 t - a +1 whip of electrocution (weapon)
 C - a +0 war axe
Missiles
 d - 258 stones
 l - 35 poisoned darts (quivered)
 o - 2 atropa-tipped darts
 x - 2 throwing nets
 y - 8 boomerangs
Armour
 b - a +0 leather armour
 f - a +0 scale mail (worn)
Jewellery
 k - an uncursed amulet of faith
 w - an uncursed ring of poison resistance
Wands
 g - a wand of digging (2)
Scrolls
 a - a scroll of remove curse
 c - 4 scrolls of fog
 e - a scroll of fear
 p - 4 scrolls of teleportation
 r - a scroll of enchant armour {unknown}
 B - 2 scrolls of identify
 D - a scroll of amnesia {unknown}
Potions
 h - a potion of heal wounds
 j - a potion of might
 n - 3 potions of haste
 s - 2 potions of ambrosia
 u - a potion of resistance {unknown}
 v - a potion of curing
 z - a potion of mutation {unknown}
 A - 2 potions of degeneration {unknown}
 E - 2 potions of berserk rage {unknown}


   Skills:
 + Level 7.3 Fighting
 + Level 3.1 Short Blades
 + Level 3.1 Long Blades
 + Level 5.6 Axes
 + Level 3.1 Maces & Flails
 + Level 3.1 Polearms
 + Level 3.1 Staves
 + Level 3.1 Slings
 + Level 3.1 Bows
 + Level 3.1 Crossbows
 + Level 3.1 Throwing
 + Level 3.1 Armour
 + Level 5.6 Dodging
 + Level 10.0 Stealth
 + Level 3.1 Shields
 + Level 3.1 Unarmed Combat
 + Level 3.1 Spellcasting
 + Level 2.5 Conjurations
 + Level 2.5 Hexes
 + Level 2.5 Summonings
 + Level 2.5 Necromancy
 + Level 2.5 Translocations
 + Level 2.5 Transmutations
 + Level 2.5 Fire Magic
 + Level 2.5 Ice Magic
 + Level 2.5 Air Magic
 + Level 2.5 Earth Magic
 + Level 2.5 Poison Magic
 + Level 3.4 Invocations
 + Level 3.1 Evocations


You had 6 spell levels left.
You knew the following spells:

 Your Spells              Type           Power        Failure   Level
a - Animate Skeleton      Necr           #.....       30%         1
b - Pain                  Necr           #...         30%         1
c - Sublimation of Blood  Necr           #.........   43%         2
d - Vampiric Draining     Necr           #.........   67%         3

Your spell library contained the following spells:

 Spells                   Type           Power        Failure   Level


Dungeon Overview and Level Annotations

Branches:
Dungeon (6/15)             Temple (0/1) D:4

Altars:
Elyvilon
Kikubaaqudgha
Makhleb
Nemelex Xobeh
Sif Muna
Trog
Xom


Innate Abilities, Weirdness & Mutations

Your experience applies equally to all skills.
You have very sharp teeth.
Your uncanny sense of smell can sniff out nearby items.


Message History

Press: ? - help, Shift-Dir - straight line, f - orc warrior
Aim: an orc warrior, wielding a +0 scimitar and wearing a +0 chain mail (severely wounded)
You throw a poisoned dart.
The poisoned dart completely misses the orc warrior.
The poisoned dart hits the orc.
The orc is poisoned.
You feel much better.
Unknown command.
You hit the orc warrior but do no damage.
The orc warrior is heavily wounded.
You whack the orc warrior!
The orc warrior is almost dead.
The orc warrior hits you with a +0 scimitar!!
* * * LOW HITPOINT WARNING * * *
Unknown command.
You hit the orc warrior but do no damage.
Your bite misses the orc warrior.
The orc warrior is almost dead.
The orc warrior hits you with a +0 scimitar!!
You die...
Kikubaaqudgha rasps: "You have failed me!
Welcome... death!"

#.## #.#.###.# #........ #.#
#.#..##.# ###.#...... #.#
#.##.##.# ##...#...### #+##
#.##.##.# #.....#### ...##
#.......# #.._..# # ....##
####.#### #.....# ## .....##
##.#.# ##...## ##.
......####....########.....####..
......'......ooo@.............'..
......####....########.#...####..
.....## #.....# #.##.## ##.
....## #.##### #.#### ## ...##
#.# #.# # #+## #.# #.# # #.# #.#
#.# ## #.# #.# #.# #######. #.##
#.# #.# #.......


You could see an orc warrior and 2 orcs.

Vanquished Creatures
  An orc warrior (D:6)
  2 sky beasts
  2 bullfrogs
  A howler monkey (D:5)
  3 orc priests
  A hound (D:5)
  4 orc wizards
  A bullfrog skeleton (D:5)
  3 centaur skeletons
  An iguana (D:6)
  A hound skeleton (D:4)
  A worker ant zombie (D:5)
  5 adders
  A shadow imp (D:5)
  An adder zombie (D:6)
  3 worms
  3 dart slugs (D:1)
  7 leopard geckos
  22 orcs
  7 ball pythons
  10 bats
  4 giant cockroaches
  7 goblins
  5 hobgoblins
  11 jackals
  2 quokkas
  6 frilled lizards
  2 jackal skeletons
  10 kobolds
  2 leopard gecko zombies
  A quokka skeleton (D:4)
  11 rats
141 creatures vanquished.

Vanquished Creatures (others)
  2 plants (D:4)
2 creatures vanquished.

Grand Total: 143 creatures vanquished

Notes
Turn   | Place    | Note
-------+----------+-------------------------------------------
     0 | D:5      | Reached skill level 9 in Stealth
     0 | D:5      | tilp the Gnoll Delver began the quest for the Orb.
     0 | D:5      | Reached XP level 1. HP: 23/23 MP: 1/1
     2 | D:5      | Noticed an orc priest
   583 | D:2      | Reached XP level 2. HP: 14/29 MP: 2/2
  1177 | D:1      | Reached XP level 3. HP: 29/35 MP: 3/3
  1427 | D:1      | Reached skill level 1 in Invocations
  1613 | D:1      | Reached skill level 1 in Short Blades
  1613 | D:1      | Reached skill level 1 in Long Blades
  1613 | D:1      | Reached skill level 1 in Maces & Flails
  1613 | D:1      | Reached skill level 1 in Polearms
  1613 | D:1      | Reached skill level 1 in Staves
  1613 | D:1      | Reached skill level 1 in Slings
  1613 | D:1      | Reached skill level 1 in Bows
  1613 | D:1      | Reached skill level 1 in Crossbows
  1613 | D:1      | Reached skill level 1 in Throwing
  1613 | D:1      | Reached skill level 1 in Armour
  1613 | D:1      | Reached skill level 1 in Shields
  1613 | D:1      | Reached skill level 1 in Unarmed Combat
  1613 | D:1      | Reached skill level 1 in Spellcasting
  1613 | D:1      | Reached skill level 1 in Evocations
  1957 | D:2      | Reached XP level 4. HP: 40/41 MP: 5/5
  1980 | D:2      | Found an ancient bone altar of Kikubaaqudgha.
  2014 | D:2      | Became a worshipper of Kikubaaqudgha
  2962 | D:3      | Found a shimmering blue altar of Sif Muna.
  3142 | D:3      | Reached skill level 1 in Conjurations
  3142 | D:3      | Reached skill level 1 in Hexes
  3142 | D:3      | Reached skill level 1 in Summonings
  3142 | D:3      | Reached skill level 1 in Necromancy
  3142 | D:3      | Reached skill level 1 in Translocations
  3142 | D:3      | Reached skill level 1 in Transmutations
  3142 | D:3      | Reached skill level 1 in Fire Magic
  3142 | D:3      | Reached skill level 1 in Ice Magic
  3142 | D:3      | Reached skill level 1 in Air Magic
  3142 | D:3      | Reached skill level 1 in Earth Magic
  3142 | D:3      | Reached skill level 1 in Poison Magic
  3387 | D:3      | Reached XP level 5. HP: 25/47 MP: 5/7
  3583 | D:3      | Found a bloodstained altar of Trog.
  3832 | D:4      | Found a sparkling altar of Nemelex Xobeh.
  3860 | D:4      | Found a white marble altar of Elyvilon.
  4162 | D:4      | Found a shimmering altar of Xom.
  4210 | D:4      | Noticed a moth of wrath
  4213 | D:4      | Found a bloodstained altar of Trog.
  4935 | D:4      | You fall into a shaft and drop 1 floor!
  5019 | D:4      | Reached * piety under Kikubaaqudgha
  5019 | D:4      | Identified Kikubaaqudgha's Grimoire of Black Arts
                  | (Kikubaaqudgha gifted it to you on level 4 of the Dungeon)
  5019 | D:4      | Received a gift from Kikubaaqudgha
  5019 | D:4      | Reached XP level 6. HP: 45/53 MP: 8/8
  5144 | D:4      | Found a staircase to the Ecumenical Temple.
  5205 | D:4      | Learned a level 1 spell: Animate Skeleton
  5207 | D:4      | Learned a level 1 spell: Pain
  5210 | D:4      | Learned a level 2 spell: Sublimation of Blood
  5214 | D:4      | Learned a level 3 spell: Vampiric Draining
  5367 | D:5      | Reached skill level 5 in Axes
  5367 | D:5      | Reached skill level 5 in Dodging
  5581 | D:5      | Reached XP level 7. HP: 45/59 MP: 10/10
  6376 | D:5      | Reached ** piety under Kikubaaqudgha
  6862 | D:6      | Found a burning altar of Makhleb.
  6973 | D:6      | Reached skill level 10 in Stealth
  6973 | D:6      | Reached XP level 8. HP: 33/67 MP: 12/12
  8138 | D:6      | Slain by an orc warrior

Illustrated notes

Levels and vault maps discovered:
D:1:      co_arrival_random_square_maze, layout_basic, minmay_pentomino_x2
D:2:      minmay_alternating_diamond, layout_loops_corners,
          kiku_gazebo_pond_becter
D:3:      layout_basic, lemuel_blue_sif_altar, hangedman_glass_garden,
          trog_butcher_becter
D:4:      layout_rooms, tgw_trog, xom_teletrap_fun, kennysheep_mini,
          elyvilon_altar_3, minmay_temple_entry_overgrown
D:5:      layout_rooms, due_unseen_surprise
D:6:      layout_loops_corners, bloody_makhleb

Skill      XL: |  1  2  3  4  5  6  7  8 |
---------------+-------------------------+-----
Stealth        | 10 | 10.0
Invocations    | 1 2 3 |  3.4
Short Blades   | 1 2 3 |  3.1
Long Blades    | 1 2 3 |  3.1
Maces & Flails | 1 2 3 |  3.1
Polearms       | 1 2 3 |  3.1
Staves         | 1 2 3 |  3.1
Slings         | 1 2 3 |  3.1
Bows           | 1 2 3 |  3.1
Crossbows      | 1 2 3 |  3.1
Throwing       | 1 2 3 |  3.1
Armour         | 1 2 3 |  3.1
Shields        | 1 2 3 |  3.1
Unarmed Combat | 1 2 3 |  3.1
Spellcasting   | 1 2 3 |  3.1
Evocations     | 1 2 3 |  3.1
Conjurations   | 1 2 |  2.5
Hexes          | 1 2 |  2.5
Summonings     | 1 2 |  2.5
Necromancy     | 1 2 |  2.5
Translocations | 1 2 |  2.5
Transmutations | 1 2 |  2.5
Fire Magic     | 1 2 |  2.5
Ice Magic      | 1 2 |  2.5
Air Magic      | 1 2 |  2.5
Earth Magic    | 1 2 |  2.5
Poison Magic   | 1 2 |  2.5
Axes           | 5 |  5.6
Dodging        | 5 |  5.6
Fighting       | 7 |  7.3

Action                   |  1- 3 |  4- 6 |  7- 9 || total
-------------------------+-------+-------+-------++-------
Melee: Hand axe          |    64 |       |       ||    64
       Bite              |    15 |    28 |    24 ||    67
       Mace              |    53 |    40 |       ||    93
       Punch             |     1 |     2 |     2 ||     5
       Flail             |       |    98 |       ||    98
       Whip              |       |   106 |   175 ||   281
Throw: Stone             |     1 |       |       ||     1
       Dart              |       |       |     4 ||     4
Evoke: Wand              |       |       |     1 ||     1
  Use: Scroll            |     2 |     8 |       ||    10
       Potion            |     1 |       |     1 ||     2
 Stab: Sleeping          |    13 |    10 |     4 ||    27
       Distracted        |       |     1 |     1 ||     2
Armor: Leather armour    |     8 |     4 |       ||    12
       Scale mail        |    26 |    90 |    68 ||   184
Dodge: Dodged            |   101 |   159 |    76 ||   336

Table legend: (Time is in decaauts)
 A = Elapsed time spent in this place.
 B = Non-inter-level travel time spent in this place.
 C = Inter-level travel time spent in this place.
 D = Time resting spent in this place.
 E = Time spent auto-exploring this place.
 F = Levels seen in this place.
 G = Mean time per level.
                   A        B        C        D        E       F      G
               +--------+--------+--------+--------+--------+-----+--------+
         Total |   8191 |   7986 |    205 |   3093 |   3168 |   6 | 1365.2 |
       Dungeon |   8191 |   7986 |    205 |   3093 |   3168 |   6 | 1365.2 |
               +--------+--------+--------+--------+--------+-----+--------+

Top non-repeatable levels by time:
     D:3: 1699 daAuts
     D:2: 1515 daAuts
     D:6: 1466 daAuts
     D:4: 1375 daAuts
     D:5: 1346 daAuts
     D:1: 788 daAuts
